 Dungeon Crawl Stone Soup version 0.30-a0-939-gc8157cb160 (webtiles) character file.

Game seed: 10109213379701066746

457 2tousent the Chopper (level 7, -1/61 HPs)
             Began as a Hill Orc Monk on Mar 25, 2023.
             Was an Elder of Zin.
             Slain by Prince Ribbit (11 damage)
             ... on level 5 of the Dungeon.
             The game lasted 00:03:55 (3815 turns).

2tousent the Chopper (Hill Orc Monk)                Turns: 3815, Time: 00:03:55

Health: -1/61      AC:  9    Str: 16    XL:     7   Next: 6%
Magic:  9/9        EV:  6    Int: 10    God:    Zin [****..]
Gold:   756        SH:  7    Dex: 13    Spells: 6/6 levels left

rFire   . . .      SeeInvis .    l - +0 war axe
rCold   . . .      Faith    .    f - +3 buckler
rNeg    . . .      Spirit   .    n - +0 chain mail
rPois   .          Reflect  .    c - +0 helmet
rElec   .          Rampage  .    (no cloak)
rCorr   .                        (no gloves)
Will    .....                    (no boots) Stlth
                                 (no amulet)
HPRegen 0.30/turn                (no ring)
MPRegen 0.11/turn                (no ring)

@: no status effects
A: no striking features
a: Renounce Religion, Recite, Vitalisation, Imprison, Donate Gold


You were on level 5 of the Dungeon.
You worshipped Zin.
Zin was greatly pleased with you.
You visited 1 branch of the dungeon, and saw 5 of its levels.

You collected 840 gold pieces.
You donated 84 gold pieces to Zin.

Inventory:

Hand Weapons
 a - a +0 hand axe
 l - a +0 war axe (weapon)
Armour
 b - a +0 robe
 c - a +0 helmet (worn)
 f - a +3 buckler (worn)
 n - a +0 chain mail (worn)
Jewellery
 i - a ring of willpower
 k - a ring of see invisible
Scrolls
 j - 3 scrolls of teleportation
 o - a scroll of vulnerability {unknown}
 p - a scroll of identify
Potions
 d - a potion of attraction
 e - 2 potions of invisibility
 g - a potion of flight
 h - a potion of lignification {unknown}
 m - a potion of haste {unknown}
 q - 2 potions of ambrosia


   Skills:
 + Level 5.2 Fighting
 * Level 7.2 Axes
 - Level 2.4 Dodging
 - Level 1.5 Stealth
 + Level 3.1 Shields
 * Level 3.6 Invocations


You had 6 spell levels left.
You didn't know any spells.
Your spell library contained the following spells:

 Spells                   Type           Power      Damage    Failure   Level
 Lesser Beckoning         Tloc           0%         N/A       100%        2
 Gell's Gravitas          Tloc           0%         N/A       100%        3
 Teleport Other           Tloc           0%         N/A       100%        3


Dungeon Overview and Level Annotations

Branches:
Dungeon (5/15)
 Temple: D:4-7

Altars:
Ru
Zin

Annotations:
D:5 Prince Ribbit


Message History

You barely miss Prince Ribbit.
Prince Ribbit is moderately wounded.
You block Prince Ribbit's attack.
Prince Ribbit hits you but does no damage.
You miss Prince Ribbit.
Prince Ribbit is moderately wounded.
Prince Ribbit hits you. Prince Ribbit hits you!
You are too injured to fight recklessly!
You are too injured to fight recklessly!
You are too injured to fight recklessly!
You are too injured to fight recklessly!
You are too injured to fight recklessly!
You are too injured to fight recklessly!
You are too injured to fight recklessly!
You are too injured to fight recklessly!
You are too injured to fight recklessly!
You are too injured to fight recklessly!
You are too injured to fight recklessly!
You are too injured to fight recklessly!
You are too injured to fight recklessly!
You are too injured to fight recklessly!
You are too injured to fight recklessly!
You are too injured to fight recklessly!
You barely miss Prince Ribbit.
Prince Ribbit is moderately wounded.
You block Prince Ribbit's attack.
You closely miss Prince Ribbit.
Prince Ribbit is moderately wounded.
Prince Ribbit barely misses you. Prince Ribbit hits you!
* * * LOW HITPOINT WARNING * * *
You barely miss Prince Ribbit.
Prince Ribbit is moderately wounded.
You block Prince Ribbit's attack.
Prince Ribbit says, "You're just another fly to me."
Prince Ribbit hits you!
* * * LOW HITPOINT WARNING * * *
You completely miss Prince Ribbit.
Prince Ribbit is moderately wounded.
Prince Ribbit hits you!
You die...

..#...... .)...
........# .....
##.......# ......
##.........
......####........
......#.........#
............<)..#
...............#
......F@$......#
.#####.........#
#.........##
#....###.....######
#....# ###.........
....## #.........
..## #..####### #.
#..# #.. #..##


You could see Prince Ribbit.

Vanquished Creatures
  An ogre (D:5)
  A phantom (D:4)
  A howler monkey (D:4)
  A hound (D:4)
  Jessica (D:3)
  2 orc wizards
  8 adders
  4 dart slugs
  4 orcs (D:4)
  3 endoplasms
  4 giant cockroaches
  10 goblins
  9 hobgoblins
  9 kobolds
  2 quokkas
  7 ball pythons (D:1)
  4 bats
  2 frilled lizards (D:1)
  3 rats (D:1)
76 creatures vanquished.

Notes
Turn   | Place    | Note
-------+----------+-------------------------------------------
     0 | D:1      | 2tousent the Hill Orc Monk began the quest for the Orb.
     0 | D:1      | Reached XP level 1. HP: 19/19 MP: 1/1
   181 | D:1      | Reached XP level 2. HP: 27/27 MP: 2/2
   342 | D:1      | Reached XP level 3. HP: 33/33 MP: 3/3
   346 | D:1      | Reached skill level 5 in Axes
   400 | D:1      | Reached skill level 1 in Shields
   698 | D:2      | Found a glowing silver altar of Zin.
  1283 | D:2      | Reached XP level 4. HP: 39/41 MP: 4/4
  1538 | D:3      | Identified a scroll of acquirement
  1538 | D:3      | Acquired 606 gold pieces
  1722 | D:3      | Found a sacrificial altar of Ru.
  1953 | D:3      | Noticed Jessica
  1970 | D:3      | Killed Jessica
  1971 | D:3      | Reached skill level 6 in Axes
  1971 | D:3      | Reached XP level 5. HP: 45/47 MP: 5/5
  2635 | D:2      | Became a worshipper of Zin the Law-Giver
  2635 | D:2      | Reached * piety under Zin
  2635 | D:2      | Reached ** piety under Zin
  2635 | D:2      | Reached *** piety under Zin
  2718 | D:4      | Reached **** piety under Zin
  2842 | D:4      | Reached skill level 1 in Invocations
  3147 | D:4      | Noticed a phantom
  3177 | D:4      | Reached XP level 6. HP: 34/55 MP: 7/7
  3186 | D:4      | Reached skill level 5 in Fighting
  3279 | D:4      | Identified the +5 spear of Pogicais {heavy, rF+ Dex+5}
  3328 | D:4      | Reached skill level 7 in Axes
  3640 | D:5      | Entered Level 5 of the Dungeon
  3731 | D:5      | Reached XP level 7. HP: 39/61 MP: 9/9
  3805 | D:5      | Noticed Prince Ribbit
  3815 | D:5      | Slain by Prince Ribbit

Illustrated notes

Levels and vault maps discovered:
D:1:      lemuel_arrival_room, layout_basic, minmay_surrounded
D:2:      layout_loops_ring, basic_altar, serial_aquarium,
          aquarium_bridge_square [aquarium_subvault_bridge,
          aquarium_subvault_bridge, aquarium_subvault_balcony,
          aquarium_subvault_balcony], aquarium_window_3, aquarium_window_1,
          aquarium_window_fake, aquarium_window_fake, aquarium_view_2a,
          aquarium_balcony_3b, aquarium_pool_S
D:3:      layout_basic, nicolae_ru_great_annihilating_truth, uniq_jessica
D:4:      layout_rooms, nicolae_concentric_dashed_squares_wild,
          nicolae_half_adder
D:5:      cheibrodos_fertilizer, layout_layer_cave,
          nicolae_qazlal_scattered_showers, mainiacjoe_overflow_swirl,
          uniq_prince_ribbit1

Skill      XL: |  1  2  3  4  5  6 |
---------------+-------------------+-----
Fighting       | 4 5 |  5.2
Axes           | 5 6 7 |  7.2
Shields        | 1 2 3 |  3.1
Invocations    | 2 3 |  3.6
Dodging        | |  2.4
Stealth        | |  1.5

Action                     |  1- 3 |  4- 6 |  7- 9 || total
---------------------------+-------+-------+-------++-------
  Melee: Hand axe          |   140 |    51 |       ||   191
         War axe           |       |    86 |     8 ||    94
    Use: Scroll            |       |     9 |       ||     9
         Potion            |       |     1 |       ||     1
   Stab: Sleeping          |     2 |       |       ||     2
 Armour: Robe              |    16 |       |       ||    16
         Chain mail        |    15 |    79 |     2 ||    96
  Dodge: Dodged            |    67 |    33 |     1 ||   101
  Block: Buckler           |    33 |    58 |     3 ||    94

Table legend: (Time is in decaauts)
 A = Elapsed time spent in this place.
 B = Non-inter-level travel time spent in this place.
 C = Inter-level travel time spent in this place.
 D = Time resting spent in this place.
 E = Time spent auto-exploring this place.
 F = Levels seen in this place.
 G = Mean time per level.
                   A        B        C        D        E       F      G
               +--------+--------+--------+--------+--------+-----+--------+
         Total |   3855 |   3549 |    306 |      0 |   2912 |   5 |  771.0 |
       Dungeon |   3855 |   3549 |    306 |      0 |   2912 |   5 |  771.0 |
               +--------+--------+--------+--------+--------+-----+--------+

Top non-repeatable levels by time:
     D:3: 1059 daAuts
     D:4: 992 daAuts
     D:2: 920 daAuts
     D:1: 706 daAuts
     D:5: 176 daAuts
